 Dungeon Crawl Stone Soup version 0.29.1-15-g9cfb28693d (webtiles) character file.

Game seed: 3171130279810249663

135 croobank the Sneak (level 5, -3/48 HPs)
             Began as an Octopode Delver on Apr 21, 2023.
             Was a Believer of Kikubaaqudgha.
             Slain by a scorpion (5 damage)
             ... on level 4 of the Dungeon.
             The game lasted 00:08:12 (3926 turns).

croobank the Sneak (Octopode Delver)                Turns: 3926, Time: 00:08:13

Health: -3/48      AC: 22    Str: 11    XL:     5   Next: 18%
Magic:  2/6        EV:  2    Int: 18    God:    Kikubaaqudgha [**....]
Gold:   137        SH:  0    Dex: 12    Spells: 5/6 levels left

rFire   + . .      SeeInvis .   a - +0 hand axe
rCold   + . .      Faith    .   (no shield)
rNeg    . . .      Spirit   .   (helmet currently unavailable)
rPois   +          Reflect  .   (no amulet)
rElec   +          Harm     .   (no ring)
rCorr   +          Rampage  .   (no ring)
Will    .....      NoTele   +   (no ring)
Stlth   +++.......              (no ring)
HPRegen 0.16/turn               (no ring)
MPRegen 0.10/turn               (no ring)
                                (no ring)
                                (no ring)

@: mighty, lethally poisoned (-3 -> -8), tree-form, resistant
A: stationary, stasis, torment immunity, boosted hp, almost no armour,
(amphibious), 8 rings, (camouflage 1), (gelatinous body 1), (nimble swimmer 1),
(tentacles), clever 1, frail 1, mutation resistance 1, wild magic 1
a: Renounce Religion, Unearth Wretches


You were on level 4 of the Dungeon.
You worshipped Kikubaaqudgha.
Kikubaaqudgha was pleased with you.
You were a tree.
You visited 1 branch of the dungeon, and saw 6 of its levels.

You collected 137 gold pieces.

Inventory:

Hand Weapons
 a - a +0 hand axe (weapon)
 g - a +0 dagger
Missiles
 j - 2 poisoned darts (quivered)
Wands
 f - a wand of digging (3)
Scrolls
 b - 2 scrolls of fog
 c - a scroll of magic mapping
 d - 2 scrolls of fear
 l - 4 scrolls of identify
 o - 3 scrolls of teleportation
Potions
 e - a potion of haste
 h - 2 potions of attraction
 i - a potion of lignification
 m - a potion of mutation


   Skills:
 + Level 3.5 Fighting
 + Level 2.7 Axes
 + Level 2.7 Dodging
 + Level 7.3 Stealth
 * Level 1.2 Spellcasting
 * Level 1.7 Necromancy


You had 5 spell levels left.
You knew the following spells:

 Your Spells              Type           Power      Damage    Failure   Level
a - Necrotise             Necr           36%        1d5       14%         1

Your spell library contained the following spells:

 Spells                   Type           Power      Damage    Failure   Level
 Vampiric Draining        Necr           9%         2d6       36%         3
 Poisonous Vapours        Pois/Air       2%         N/A       38%         2
 Animate Dead             Necr           9%         N/A       75%         4
 Anguish                  Hex/Necr       2%         N/A       86%         4
 Corpse Rot               Necr/Pois/Air  4%         N/A       88%         4


Dungeon Overview and Level Annotations

Branches:
Dungeon (6/15)
 Temple: D:4-7

Altars:
Gozag
Kikubaaqudgha


Innate Abilities, Weirdness & Mutations

You are a tree.
Your roots penetrate the ground, keeping you stationary.
You cannot be teleported.
You are immune to unholy pain and torment.
Your maximum health is greatly increased.
You cannot wear most types of armour.
((You are amphibious.))
You can wear up to eight rings at the same time.
((Your skin changes colour to match your surroundings (Stealth+).))
((Your rubbery body absorbs attacks. (AC +1, EV +1)))
((You are camouflaged when in or above water. (Stealth+)))
((You have tentacles for arms and can constrict up to eight enemies at once.))
Your mind is acute. (Int +4, Str/Dex -1)
You are frail. (-10% HP)
You are somewhat resistant to further mutation.
Your spells are a little harder to cast, but a little more powerful.


Message History

Okay, then.
You hit the scorpion. Your grab misses the scorpion.
The scorpion is lightly wounded.
The scorpion barely misses you. The scorpion stings you.
You barely miss the scorpion. Your grab misses the scorpion.
The scorpion barely misses you.
You hit the scorpion but do no damage. Your grab misses the scorpion.
The scorpion stings you.
You are poisoned.
The scorpion poisons you! The scorpion stings you!
You are lethally poisoned!
The scorpion poisons you!
Okay, then.
Really quaff the potion of lignification?
You turn into a tree.
Your roots penetrate the ground.
* * * LOW HITPOINT WARNING * * *
You feel very sick.
The scorpion stings you but does no damage.
It was a potion of resistance.
You feel protected.
* * * LOW HITPOINT WARNING * * *
You feel very sick.
The scorpion stings you but does no damage.
Okay, then.
You feel very mighty all of a sudden.
* * * LOW HITPOINT WARNING * * *
You feel sick.
The scorpion stings you but does no damage.
You hit the scorpion.
The scorpion is lightly wounded.
* * * LOW HITPOINT WARNING * * *
You feel very sick. The scorpion barely misses you.
The scorpion stings you but does no damage.
You closely miss the scorpion.
The scorpion is lightly wounded.
* * * LOW HITPOINT WARNING * * *
You feel sick. The scorpion stings you.
You die...
Kikubaaqudgha rasps: "You have failed me!
Welcome... death!"

###########
#ws♣..:....
###g#########
#.......#
#####.......#
#...........#
#.###......... #.#
#..........
#####.###..>....###
#.............?.#


You could see a scorpion, a dart slug and a hobgoblin.

Vanquished Creatures
  An orc priest (D:3)
  4 adders
  2 worms (D:2)
  4 orcs (D:3)
  5 ball pythons
  5 bats
  3 endoplasms
  2 giant cockroaches (D:2)
  5 goblins
  6 hobgoblins
  9 jackals
  3 kobolds
  A quokka (D:2)
  5 frilled lizards
55 creatures vanquished.

Notes
Turn   | Place    | Note
-------+----------+-------------------------------------------
     0 | D:5      | croobank the Octopode Delver began the quest for the Orb.
     0 | D:5      | Reached XP level 1. HP: 16/16 MP: 1/1
     3 | D:6      | Noticed a necrophage
    68 | D:5      | Found an opulent altar of Gozag.
   144 | D:2      | Reached XP level 2. HP: 9/21 MP: 2/2
   337 | D:2      | Reached XP level 3. HP: 12/26 MP: 3/3
   620 | D:1      | Found a faded altar of an unknown god.
   628 | D:1      | Prayed at the altar of an unknown god.
   628 | D:1      | Became a worshipper of Kikubaaqudgha
   628 | D:1      | Reached * piety under Kikubaaqudgha
   628 | D:1      | Received a gift from Kikubaaqudgha
   729 | D:1      | Gained mutation: Your spells are a little harder to cast,
                  | but a little more powerful. [potion of mutation]
   729 | D:1      | Gained mutation: Your mind is acute. (Int +4, Str/Dex -1)
                  | [potion of mutation]
   729 | D:1      | Gained mutation: You are frail. (-10% HP) [potion of
                  | mutation]
   729 | D:1      | Gained mutation: You are somewhat resistant to further
                  | mutation. [potion of mutation]
   735 | D:1      | Reached skill level 7 in Stealth
  1017 | D:1      | Learned a level 1 spell: Necrotise
  1860 | D:2      | Identified the +4 ring mail of Rawubb {+Blink rCorr Str-3
                  | Stlth+}
  1964 | D:2      | Reached XP level 4. HP: 13/27 MP: 0/4
  2193 | D:2      | Reached skill level 1 in Necromancy
  2607 | D:3      | Reached ** piety under Kikubaaqudgha
  3080 | D:3      | Reached skill level 1 in Spellcasting
  3083 | D:3      | Reached XP level 5. HP: 12/32 MP: 1/6
  3926 | D:4      | HP: 2/48 [poisoned by a scorpion]
  3926 | D:4      | Slain by a scorpion

Illustrated notes

Levels and vault maps discovered:
D:1:      lightli_arrival_chessboard, layout_basic,
          dreamdust_ecumenical_altar_angels_and_demons
D:2:      layout_basic
D:3:      layout_loops_ring
D:4:      layout_loops_ring
D:5:      layout_basic, makhleb_grotto_becter, amcnicky_altar_gilded,
          mainiacjoe_overflow_tiny_flanked, kennysheep_mini,
          mainiacjoe_overflow_paths
D:6:      layout_loops_corners, mainiacjoe_overflow_catch_the_wave,
          hangedman_abyss_or_decor_stagger, uniq_prince_ribbit1,
          uniq_blork_the_orc

Skill      XL: |  1  2  3  4 |
---------------+-------------+-----
Stealth        | 7 |  7.3
Necromancy     | 1 |  1.7
Spellcasting   | 1 |  1.2
Fighting       | |  3.5
Axes           | |  2.7
Dodging        | |  2.7

Action                   |  1- 3 |  4- 6 || total
-------------------------+-------+-------++-------
Melee: Hand axe          |    65 |    44 ||   109
       Constrict         |    16 |    10 ||    26
       Tentacles         |    13 |     5 ||    18
       Punch             |     1 |       ||     1
 Cast: Necrotise         |    12 |    22 ||    34
  Use: Potion            |     4 |     3 ||     7
       Scroll            |     2 |     4 ||     6
 Stab: Sleeping          |     4 |     6 ||    10
Armor: Skin              |    20 |     5 ||    25
Dodge: Dodged            |    59 |    43 ||   102
